 Dungeon Crawl Stone Soup version 0.17-a0-1946-gfb768fe (webtiles) character file.

10 dpvblackbelt the Insei (level 2, -1/23 HPs)
             Began as a Vampire Monk on Oct 2, 2015.
             Slain by a ball python (2 damage)
             ... on level 1 of the Dungeon.
             The game lasted 00:02:20 (2586 turns).

dpvblackbelt the Insei (Vampire Monk)               Turns: 2586, Time: 00:02:20

Health: -1/23      AC:  2    Str: 10    XL:     2   Next: 10%
Magic:  2/2        EV: 13    Int: 12    God:
Gold:   0          SH:  0    Dex: 16    Spells: 0 memorised, 1 level left

rFire  . . .     SeeInvis +     d - +0 short sword
rCold  + . .     Clarity  .     a - +0 robe
rNeg   + + .     SustAt   .     (no shield)
rPois  +         Gourm    .     (no helmet)
rElec  .         Spirit   .     (no cloak)
rCorr  .         Warding  .     (no gloves)
rMut   .         Stasis   .     (no boots)
MR     .....                    (no amulet)
Stlth  +++.......               (no ring)
                                (no ring)

@: regenerating slowly, not resistant to hostile enchantments, fairly stealthy
A: fangs 3, see invisible, unbreathing
a: no special abilities


You were on level 1 of the Dungeon.
You were very thirsty.

You visited 1 branch of the dungeon, and saw 1 of its levels.

Inventory:

Hand weapons
 d - a +0 short sword (weapon)
   (You took it off a kobold on level 1 of the Dungeon)
Armour
 a - a +0 robe (worn)
Scrolls
 c - a scroll of recharging {unknown}


   Skills:
 - Level 2.6 Fighting
 + Level 1.5 Short Blades
 - Level 3.2 Dodging
 - Level 3.4 Stealth
 - Level 4.3 Unarmed Combat


You had one spell level left.
You didn't know any spells.

Dungeon Overview and Level Annotations

Branches:
Dungeon (1/15)

Altars:


Innate Abilities, Weirdness & Mutations

You heal slowly.
You have razor-sharp teeth.
You have supernaturally acute eyesight.
You can survive without breathing.


Message History

The hobgoblin hits you.
You take 3 damage, and have 10/23 hp.
You hit the hobgoblin.
You kill the hobgoblin!
The rat barely misses you. The rat closely misses you.
You hit the rat but do no damage. The rat closely misses you.
You barely miss the rat. The rat bites you.
You take 1 damage, and have 9/23 hp.
You hit the rat. The rat barely misses you.
You hit the rat.
You kill the rat!
You see here a rat corpse.
A bat comes into view.
The bat hits you but does no damage. x2
A bat comes into view.
You miss the bat. Your bite misses the bat. The bat closely misses you.
The bat closely misses you.
You are too injured to fight recklessly!
You are too injured to fight recklessly!
You are too injured to fight recklessly!
You are too injured to fight recklessly!
You are too injured to fight recklessly!
You are too injured to fight recklessly!
A hobgoblin comes into view. It is wielding a club.
The bat closely misses you.
A ball python comes into view.
The bat hits you. The bat barely misses you.
You take 1 damage, and have 8/23 hp.
The bat hits you. The bat barely misses you.
You take 1 damage, and have 7/23 hp.
The bat barely misses you.
The hobgoblin shouts!
The bat completely misses you. The bat hits you but does no damage.
The bat hits you.
* * * LOW HITPOINT WARNING * * *
The bat hits you but does no damage.
You take 1 damage, and have 6/23 hp.
The bat hits you but does no damage. The bat misses you.
A giant gecko comes into view.
The bat closely misses you. The bat hits you but does no damage.
The bat misses you. The bat closely misses you.
The bat hits you but does no damage. The bat barely misses you.
The bat hits you but does no damage. The bat hits you but does no damage.
The bat barely misses you. The bat closely misses you. x2
The bat hits you.
* * * LOW HITPOINT WARNING * * *
You take 1 damage, and have 6/23 hp.
The bat hits you but does no damage. The bat closely misses you.
The bat misses you. The bat hits you but does no damage.
The bat barely misses you. The bat closely misses you.
The bat hits you but does no damage. The bat hits you.
* * * LOW HITPOINT WARNING * * *
The bat closely misses you. The bat barely misses you.
You take 1 damage, and have 5/23 hp.
The bat closely misses you. The bat barely misses you.
The bat closely misses you. The bat hits you but does no damage.
The bat hits you but does no damage. The bat closely misses you. x2
The bat misses you. The bat closely misses you.
The bat hits you but does no damage. x2
The bat misses you. x2
There is an open door here.
The bat hits you but does no damage. x2
The bat closely misses you. The bat hits you.
* * * LOW HITPOINT WARNING * * *
You take 1 damage, and have 4/23 hp.
The bat closely misses you. The bat hits you but does no damage.
The bat misses you. The bat hits you but does no damage.
The bat barely misses you.
There is an open door here.
The bat hits you but does no damage.
You miss the bat. The bat hits you.
* * * LOW HITPOINT WARNING * * *
The bat misses you. The bat hits you but does no damage.
You take 1 damage, and have 3/23 hp.
The bat barely misses you. The bat hits you but does no damage.
The ball python bites you but does no damage.
The ball python closely misses you. The bat barely misses you.
The bat hits you but does no damage. The bat misses you. The bat hits you.
* * * LOW HITPOINT WARNING * * *
You take 1 damage, and have 2/23 hp.
A goblin comes into view.
The goblin shouts!
The bat hits you.
* * * LOW HITPOINT WARNING * * *
The bat misses you. The bat closely misses you.
You take 1 damage, and have 1/23 hp.
The bat hits you but does no damage. x2
The bat hits you but does no damage. The bat barely misses you.
The bat barely misses you. The bat closely misses you. The bat misses you.
You barely miss the bat. The bat barely misses you. The bat misses you.
The ball python misses you. The ball python closely misses you.
You closely miss the bat. The bat barely misses you. The bat barely misses you.
The ball python bites you.
You die...

...#.#.......##......#
.........#..$..#.##.##...##
.......###..........[.......
......g.......#####(.#####.#.
....#...####..#...#..#...#.#.
.......... #..#...#..#...#
.........###..#...)..'.>.#
.........g.S.b#...#..#...#
..........gl@.#...####...#
.........####.##'## ###+##
#.......##......##..##..
#......g####.b...........
#.####'#####...(##..##.... #
####.......##'## ###'##.#
#....#####.#...# ... ..
#....#####.#...# ... .#
#....'..g..#.<.'


You could see a giant gecko, a hobgoblin, a goblin, 2 bats and a ball python.

Vanquished Creatures
  A giant cockroach (D:1)
  A goblin (D:1)
  3 hobgoblins (D:1)
  2 kobolds (D:1)
  A giant newt (D:1)
  A rat (D:1)
9 creatures vanquished.

Notes
Turn   | Place    | Note
--------------------------------------------------------------
     0 | D:1      | dpvblackbelt the Vampire Monk began the quest for the Orb.
     0 | D:1      | Reached XP level 1. HP: 17/17 MP: 1/1
  1500 | D:1      | HP: 1/17 [hobgoblin/club (5)]
  1707 | D:1      | HP: 1/17 [kobold/short sword (4)]
  2407 | D:1      | Reached skill level 1 in Short Blades
  2410 | D:1      | Reached XP level 2. HP: 20/23 MP: 2/2
  2564 | D:1      | HP: 5/23 [bat (1)]
  2574 | D:1      | HP: 4/23 [bat (1)]
  2580 | D:1      | HP: 2/23 [bat (1)]
  2586 | D:1      | Slain by a ball python

Vault maps used:
D:1:      dpeg_arrival_houses_and_road, minmay_misc_feat_secret_circle

Action                   || total
-------------------------++-------
Melee: Short sword       ||    39
       Unarmed           ||    14
  Use: Potion            ||     1

Vault maps used:
D:1:      dpeg_arrival_houses_and_road, minmay_misc_feat_secret_circle

Table legend:
 A = Turns spent in this place as a percentage of turns spent in the entire game.
 B = Non-inter-level travel turns spent in this place as a percentage of non-inter-level travel turns spent in the entire game.
 C = Inter-level travel turns spent in this place as a percentage of turns spent in this place.
 D = Turns resting spent in this place as a percentage of non-inter-level travel turns spent in this place.
 E = Turns spent auto-exploring this place as a percentage of non-inter-level travel turns spent in this place.
 F = Non-inter-level travel turns spent in this place divided by the number of levels of this place that you've seen.
                   A       B       C       D       E      F
               +-------+-------+-------+-------+-------+----------------------
         Total | 100.0 | 100.0 |   0.0 |  15.8 |   0.4 | 272.0
       Dungeon | 100.0 | 100.0 |   0.0 |  15.8 |   0.4 | 272.0
               +-------+-------+-------+-------+-------+----------------------

Table legend:
 A = Kills in this place as a percentage of kills in entire the game.
 B = Kills by you in this place as a percentage of kills by you in the entire game.
 C = Kills by friends in this place as a percentage of kills by friends in the entire game.
 D = Other kills in this place as a percentage of other kills in the entire game.
 E = Experience gained in this place as a percentage of experience gained in the entire game.
 F = Experience gained in this place divided by the number of levels of this place that you have seen.
                   A       B       C       D       E      F
               +-------+-------+-------+-------+-------+----------------------
         Total | 100.0 | 100.0 |  -nan |  -nan | 100.0 |  15.0
       Dungeon | 100.0 | 100.0 |  -nan |  -nan | 100.0 |  15.0
               +-------+-------+-------+-------+-------+----------------------
